 Dungeon Crawl Stone Soup version 0.31-a0-851-g7ff8af7976 (webtiles) character file.

Game seed: 11460653227938955531

1275 benadryl the Conjurer (level 8, -1/59 (67) HPs)
             Began as a Demigod Earth Elementalist on Oct 6, 2023.
             Slain by a wight
             ... wielding a +0 hand axe
              (5 damage)
             ... on level 6 of the Dungeon.
             The game lasted 00:11:38 (5828 turns).

benadryl the Conjurer (Demigod Earth Elementalist)  Turns: 5828, Time: 00:11:38

HP:   -1/59 (67)    AC:  7    Str: 11    XL:     8   Next: 7%
MP:   12/17         EV: 12    Int: 25    God:
Gold: 297           SH:  0    Dex: 14    Spells: 9/14 levels left

rFire   . . .        q - +1 long sword (flame)
rCold   . . .        (no shield)
rNeg    . . .        a - +0 robe
rPois   .            j - +2 helmet
rElec   .            h - +1 cloak
rCorr   .            (no gloves)
SInv    .            (no boots)
Will    +....        (no amulet)
Stlth   ++           z - +4 ring of slaying
HPRegen 0.29/turn    t - ring "Yghuh" {Fly Will+ Str+2}
MPRegen 0.15/turn

%: no passive effects
@: flying, heavily drained
A: high MP 1, forlorn, divine attributes
a: no special abilities


You were on level 6 of the Dungeon.
You visited 1 branch of the dungeon, and saw 6 of its levels.
You also visited: Ossuary.

You collected 297 gold pieces.

Inventory:

Hand Weapons
 d - a +0 whip
 e - a +2 dagger of holy wrath
 q - a +1 long sword of flaming (weapon)
 r - a +2 heavy long sword
Missiles
 s - a throwing net
Armour
 a - a +0 robe (worn)
 h - a +1 cloak (worn)
 j - a +2 helmet (worn)
Jewellery
 t - the ring "Yghuh" (right hand) {Fly Will+ Str+2}
   (You found it on level 4 of the Dungeon)

   [ring of flight]

   Str+2:     It affects your strength (+2).
   Will+:     It increases your willpower.
   Fly:       It grants you flight.
 z - a +4 ring of slaying (left hand)
Wands
 u - a wand of flame (13)
 x - a wand of mindburst (11)
Scrolls
 i - a scroll of immolation
 p - a scroll of fog
 v - a scroll of revelation
 w - a scroll of identify {@r1}
 y - a scroll of blinking
Potions
 b - a potion of magic
 c - 2 potions of heal wounds
 f - a potion of lignification
 g - 2 potions of cancellation
 k - 3 potions of curing {@q1}
 m - 3 potions of might
 n - a potion of attraction
 o - 2 potions of mutation


   Skills:
 - Level 4.7 Fighting
 * Level 0.0 Long Blades
 - Level 1.7 Dodging
 - Level 1.7 Stealth
 - Level 3.9 Spellcasting
 - Level 5.0 Conjurations
 - Level 0.8 Transmutations
 - Level 5.0 Earth Magic


You had 9 spell levels left.
You knew the following spells:

 Your Spells              Type           Power      Damage    Failure   Level
a - Sandblast             Erth           60%        2d14      1%          1
b - Brom's Barrelling Bo  Conj/Erth      30%        2d5       12%         4

Your spell library contained the following spells:

 Spells                   Type           Power      Damage    Failure   Level
 Stone Arrow              Conj/Erth      60%        3d10      3%          3
 Passwall                 Tmut/Erth      15%        N/A       4%          2
 Petrify                  Tmut/Erth      19%        N/A       26%         4
 Frozen Ramparts          Ice            8%         1d2       28%         3
 Metabolic Englaciation   Hex/Ice        2%         N/A       95%         5


Dungeon Overview and Level Annotations

Branches:
Dungeon (6/15)            Ossuary (visited)
 Temple: D:4-7

Annotations:
D:2 1 runed translucent door, Crazy Yiuf


Innate Abilities, Weirdness & Mutations

You have an increased reservoir of magic. (+10% MP)
You shall have no god before yourself.
Your divine heritage dramatically boosts your attributes as you level up.


Message History

You feel drained. The wight hits you with a +0 hand axe!
Aiming: Sandblast (safe; 1% risk of failure)
Press: ? - help, Q - select action, (/) - cycle Shift-Dir - straight line, f/p - wight
Aim: a wight, wielding a +5 spear and wearing a +0 robe (severely damaged, 84% to hit)
The blast of sand misses the wight.
The blast of sand hits the wight but does no damage.
The wight is severely damaged.
The wight closely misses you. The wight hits you with a +0 hand axe.
The wight barely misses you.
Aiming: Sandblast (safe; 1% risk of failure)
Press: ? - help, Q - select action, (/) - cycle Shift-Dir - straight line, f/p - wight
Aim: a wight, wielding a +5 spear and wearing a +0 robe (severely damaged, 84% to hit)
The blast of sand hits the wight but does no damage.
The wight closely misses you.
The wight hits you from afar with a +5 spear.
The wight hits you but does no damage.
Aiming: Sandblast (safe; 1% risk of failure)
Press: ? - help, Q - select action, (/) - cycle Shift-Dir - straight line, f/p - wight
Aim: a wight, wielding a +5 spear and wearing a +0 robe (severely damaged, 84% to hit)
The blast of sand hits the wight but does no damage.
The wight hits you from afar with a +5 spear!
You feel drained. The wight hits you with a +0 hand axe.
* * * LOW HITPOINT WARNING * * *
You feel drained.
* * * LOW HITPOINT WARNING * * *
The wight hits you from afar with a +5 spear.
* * * LOW HITPOINT WARNING * * *
Aiming: Sandblast (safe; 1% risk of failure)
Press: ? - help, Q - select action, (/) - cycle Shift-Dir - straight line, f/p - wight
Aim: a wight, wielding a +5 spear and wearing a +0 robe (severely damaged, 84% to hit)
The blast of sand hits the wight.
The wight is lightly damaged.
The wight hits you with a +0 hand axe.
* * * LOW HITPOINT WARNING * * *
You feel drained.
* * * LOW HITPOINT WARNING * * *
The wight hits you from afar with a +5 spear.
* * * LOW HITPOINT WARNING * * *
You feel drained. The wight hits you with a +0 hand axe.
You die...

.........#
######
#.......#
.####.##.#
#.......+
#....###
#.......#
#......##
#######....'
#.......#
...........#
#.......#
...........#
#.......###
...........#
#.......'.####
...........#
#.......#...@#
........####
#.....[.####z##
######......
#.......# #..z#
#.#....
#####+###
#...## #.#..).
#....# #.#....
#.....#
####+#....
#.....#
#..=...##.
#......
#......##.
.........
#......##.


You could see 2 wights.

Vanquished Creatures
  A steam dragon (D:5)
  An ogre (D:5)
  A phantom (D:5)
  An elf zombie (Ossuary)
  A scorpion (D:5)
  3 centaur zombies (Ossuary)
  2 orc priests (D:6)
  2 hounds
  2 jellies (D:4)
  3 iguanas
  2 human zombies (Ossuary)
  A sleepcap (D:6)
  An orc wizard (D:6)
  4 hound zombies (Ossuary)
  3 mummies (Ossuary)
  Robin (D:2)
  8 gnolls
  6 adders
  3 shadow imps (D:5)
  2 ufetubi (D:4)
  4 adder zombies (Ossuary)
  A worm (D:2)
  8 orcs
  6 endoplasms
  2 giant cockroaches
  A gnoll zombie (Ossuary)
  7 hobgoblins
  2 jackals (D:2)
  7 quokkas
  5 ball pythons
  2 bats (D:1)
  3 frilled lizards
  19 goblins
  5 goblin zombies (Ossuary)
  3 hobgoblin zombies (Ossuary)
  2 jackal zombies (Ossuary)
  8 kobolds
  A kobold zombie (Ossuary)
  An orc zombie (Ossuary)
  3 quokka zombies (Ossuary)
  A rat (D:2)
  4 rat zombies (Ossuary)
143 creatures vanquished.

Notes
Turn   | Place    | Note
-------+----------+-------------------------------------------
     0 | D:1      | benadryl the Demigod Earth Elementalist began the quest for
                  | the Orb.
     0 | D:1      | Reached XP level 1. HP: 14/14 MP: 5/5
   319 | D:1      | Reached XP level 2. HP: 20/20 MP: 4/7
  1037 | D:2      | Reached XP level 3. HP: 26/26 MP: 4/9
  1308 | D:2      | Noticed Robin
  1329 | D:2      | Killed Robin
  1573 | D:2      | Reached XP level 4. HP: 27/33 MP: 8/12
  1695 | D:2      | Found a runed translucent door.
  1696 | D:2      | Noticed Crazy Yiuf
  2077 | D:3      | You are sucked into a shaft and drop 1 floor!
  2150 | D:4      | Found a sand-covered staircase.
  2160 | Ossuary  | Entered an ossuary
  2184 | Ossuary  | Reached skill level 1 in Conjurations
  2193 | Ossuary  | Reached XP level 5. HP: 16/38 MP: 13/13
  2714 | Ossuary  | Reached XP level 6. HP: 35/45 MP: 15/15
  3406 | D:4      | Identified the ring "Yghuh" {Fly Will+ Str+2}
  3489 | D:4      | Reached skill level 5 in Conjurations
  3619 | D:4      | Identified the +5 ring mail of the Witching Visions {rC-
                  | Str+4}
  4112 | D:3      | Reached XP level 7. HP: 45/50 MP: 12/16
  4280 | D:4      | Learned a level 4 spell: Brom's Barrelling Boulder
  4291 | D:5      | Entered Level 5 of the Dungeon
  4410 | D:5      | Reached skill level 5 in Earth Magic
  4620 | D:5      | Noticed a steam dragon
  4623 | D:5      | Killed a steam dragon
  5624 | D:6      | Reached XP level 8. HP: 66/66 MP: 13/17
  5828 | D:6      | Slain by a wight

Illustrated notes

Levels and vault maps discovered:
D:1:      roderic_octagonal_star, layout_loops_ring, kennysheep_crisscross
D:2:      layout_rooms, nicolae_underground_beach, uniq_crazy_yiuf_cottage,
          uniq_robin
D:3:      layout_basic, mainiacjoe_overflow_cross_hatched
D:4:      layout_gridville, lemuel_blue_sif_altar, serial_rivers,
          chequers_serial_rivers_micro_b, chequers_serial_rivers_micro_a,
          chequers_serial_rivers_micro_d, chequers_serial_rivers_room_a,
          enter_ossuary_3, grunt_ministairs_1, nicolae_elevator_lobby_plus
D:5:      minmay_recursive_quarters, layout_layer_cave,
          mainiacjoe_overflow_alcove_1, mainiacjoe_overflow_24_doors,
          chequers_mini_garden
D:6:      layout_basic, nicolae_overflow_squiral, minmay_misc_feat_room

Skill      XL: |  1  2  3  4  5  6  7 |
---------------+----------------------+-----
Spellcasting   | 2 3 |  3.9
Earth Magic    | 3 4 5 |  5.0
Conjurations   | 1 3 5 |  5.0
Fighting       | 4 |  4.7
Dodging        | |  1.7
Stealth        | |  1.7
Transmutations | |  0.8

Action                     |  1- 3 |  4- 6 |  7- 9 || total
---------------------------+-------+-------+-------++-------
  Melee: Whip              |    25 |    17 |     3 ||    45
         Punch             |     1 |     3 |       ||     4
         Dagger            |       |   140 |       ||   140
         Long sword        |       |       |     6 ||     6
   Cast: Sandblast         |    52 |    92 |    75 ||   219
    Use: Scroll            |     5 |    10 |     3 ||    18
         Potion            |     1 |       |       ||     1
   Stab: Invisible         |     3 |       |       ||     3
         Sleeping          |       |       |     1 ||     1
 Armour: Robe              |    21 |   173 |    47 ||   241
  Dodge: Dodged            |    21 |   131 |    32 ||   184

Table legend: (Time is in decaauts)
 A = Elapsed time spent in this place.
 B = Non-inter-level travel time spent in this place.
 C = Inter-level travel time spent in this place.
 D = Time resting spent in this place.
 E = Time spent auto-exploring this place.
 F = Levels seen in this place.
 G = Mean time per level.
                   A        B        C        D        E       F      G
               +--------+--------+--------+--------+--------+-----+--------+
         Total |   5941 |   5780 |    161 |    751 |   3787 |   7 |  848.7 |
       Dungeon |   5166 |   5005 |    161 |    385 |   3778 |   6 |  861.0 |
       Ossuary |    774 |    774 |      0 |    366 |      9 |   1 |  774.0 |
               +--------+--------+--------+--------+--------+-----+--------+

Top non-repeatable levels by time:
     D:5: 1319 daAuts
     D:4: 1235 daAuts
     D:1: 1027 daAuts
 Ossuary: 774 daAuts
     D:2: 731 daAuts
     D:3: 601 daAuts
     D:6: 251 daAuts
